[Event "Late-Titled-Tuesday-Blitz-October-03-2023"]
[Site "Chess.com"]
[Date "2023.10.03"]
[Round "2"]
[White "campochess"]
[Black "wanyaland"]
[Result "0-1"]
[WhiteElo "2139"]
[BlackElo "2433"]
[TimeControl "180+1"]
[EndTime "14:17:23 PDT"]
[Termination "wanyaland won by resignation"]

1. d4 d5 2. Bg5 c5 3. dxc5 f6 4.
Bd2 e5 5. b4 a5 6. c3 d4 7. e3 dxc3 8. Bxc3 Qxd1+ 9. Kxd1 axb4 10. Bxb4 Ne7 11. Bb5+ Bd7 12. Nc3 Nec6 13. Rb1 Nxb4 14.
Rxb4 Ra7 15. Nf3 Bxc5 16. Rb2 Ke7 17. a4 Rc8 18. Ne4 Bb6 19. Ke2 Bxb5+ 20. axb5 Nd7 21. Rd1 Bc7 22. Rc2 b6 23. Rdc1 Kd8 24. Nfd2 Rca8 25. Nc4 Ra2 26. Ncd6 Bxd6 27. Nxd6 Nc5 28. Nf5 g6 29.
Nd6 R8a5 30. f3 Kd7 31. Ne4 Nxe4 32. fxe4 Rxc2+ 33. Rxc2 Rxb5 34. Rd2+ Ke6 35. Rd8 Rb2+ 36. Kf3 b5 37. Rh8 h5 38. h4 b4 39. Rb8 b3 40.
Rb6+ Ke7 41. g4 hxg4+ 42. Kxg4 Rb1 43. Kh3 b2 44. Kh2 Kd7 45. Kg2 Kc7 46. Rb3 Kc6 47.
Kh2 Kc5 48. Kg2 Kc4 49. Rb6 Kd3 50. Rb3+ Kxe4 51. Kh2 Kf3 52. Rb6 f5 53. h5 gxh5 0-1

[Event "Late-Titled-Tuesday-Blitz-October-03-2023"]
[Site "Chess.com"]
[Date "2023.10.03"]
[Round "2"]
[White "Andrej2004"]
[Black "esrosenberg"]
[Result "1-0"]
[WhiteElo "2641"]
[BlackElo "2359"]
[TimeControl "180+1"]
[EndTime "14:17:24 PDT"]
[Termination "Andrej2004 won by checkmate"]

1. c4 e6 2. g3 d5 3. cxd5 exd5 4. b3 c6 5. Bb2 Nf6 6. Bg2 Be7 7. Nf3 O-O 8. O-O Bf5 9. d3 h6 10. Re1 Bh7 11.
Nbd2 Nbd7 12. Rc1 Re8 13. h3 a5 14. a3 a4 15. b4 Qb8 16. e4 Bd6 17. Nd4 Bc7 18.
exd5 Rxe1+ 19. Qxe1 Nxd5 20. Bxd5 cxd5 21. Qe7 Bxg3 22. Qxd7 Bxf2+ 23. Kh1 Bg6 24. Rc7 Bg3 25. Rxb7 Qf4 26. N4f3 Qe3 27. Bd4 Qxd3 28. Qg4 Bd6 29. Rxf7 Kxf7 30. Qd7+ Kf8 31. Qxg7+ Ke8 32. Qg8+ Bf8 33.
Qe6+ Be7 34. Bc5 Ra7 35. Qg8+ Kd7 36. Ne5+ Kc7 37. Nxd3 Bxc5 38. Nxc5 Be4+ 39. Ncxe4 dxe4 40. Qd5 Ra6 41. Nc4 Rd6 42. Qxd6+ Kb7 43. Qd7+ Ka6 44. b5# 1-0

[Event "Late-Titled-Tuesday-Blitz-October-03-2023"]
[Site "Chess.com"]
[Date "2023.10.03"]
[Round "2"]
[White "rookoco"]
[Black "maracayo"]
[Result "1-0"]
[WhiteElo "2749"]
[BlackElo "2410"]
[TimeControl "180+1"]
[EndTime "14:17:25 PDT"]
[Termination "rookoco won on time"]

1. g3 d6 2. Bg2 e5 3. e4 Nf6 4. d4 Be7 5. dxe5 dxe5 6. Qxd8+ Bxd8 7. b3 c6 8. Bb2 Nbd7 9. Nd2 O-O 10. Nc4 Re8 11. Nd6 Ba5+ 12. Ke2 Rd8 13. Rd1 Bc7 14. Nf5 Nc5 15. Ne7+ Kf8 16. Rxd8+ Bxd8 17. Nxc8 Rxc8 18. Bxe5 Ncxe4 19. Nf3 Bc7 20. Bd4 Bb6 21. Rd1 Bxd4 22. Rxd4 Nc3+ 23. Kd2 Nb5 24. Ra4 Rd8+ 25. Kc1 a6 26.
Rh4 h6 27. Kb2 Re8 28. a4 Nc7 29. Bf1 Ne4 30. Bc4 b5 31. Bf1 Nxf2 32. Nd4 Nd1+ 33. Kc1 Ne3 34. Bd3 c5 35. axb5 cxd4 36. bxa6 Ra8 37. Rxd4 Nxa6 38. Kd2 Nxc2 39. Bxc2 Nc5 40. b4 Ne6 41. Rc4 Rb8 42. Kc3 Ke7 43. Bb3 Kd6 44.
Re4 Rc8+ 45. Kb2 Nc7 46. Bxf7 Rf8 47. Rf4 g5 48. Rf6+ Ke5 49. Rf1 Nb5 50. Bc4 1-0

[Event "Late-Titled-Tuesday-Blitz-October-03-2023"]
[Site "Chess.com"]
[Date "2023.10.03"]
[Round "2"]
[White "yoelpolanco"]
[Black "jup1978"]
[Result "0-1"]
[WhiteElo "2313"]
[BlackElo "2511"]
[TimeControl "180+1"]
[EndTime "14:17:26 PDT"]
[Termination "jup1978 won by checkmate"]

1. d4 Nf6 2. c4 g6 3. Nc3 Bg7 4.
e4 d6 5. Nf3 O-O 6. Be2 c5 7. O-O cxd4 8. Nxd4 Nc6 9. Be3 Bd7 10.
Rc1 a5 11. Ndb5 Re8 12. f3 Qc8 13. Nd5 Qd8 14. Bb6 Qc8 15. Ndc7 Ra6 16. Nxa6 bxa6 17. Be3 Ne5 18. Nd4 Qb7 19. b3 Rc8 20. Qd2 a4 21. Rb1 axb3 22. axb3 Nc6 23. Nxc6 Bxc6 24. b4 Be8 25. b5 axb5 26. cxb5 Nd7 27. b6 Nc5 28.
Rfc1 Rc6 29. Bxc5 dxc5 30. Bc4 Bd4+ 31. Kh1 Rxb6 32. Rxb6 Qxb6 33. g3 Bc6 34. Qa2 e6 35. Rb1 Qc7 36. Kg2 Kg7 37. Qa6 h5 38. Qb6 Qd7 39.
Rd1 h4 40. Rb1 hxg3 41. hxg3 g5 42. g4 Be3 43. Qb2+ Bd4 44. Qd2 f6 45. Rh1 Qd6 46. Qd3 Qe5 47. Bb5 Bb7 48. Bd7 Qd6 49. e5 Qxe5 50.
Rh7+ Kf8 51. Rh8+ Ke7 52. Rh7+ Kd6 53. Bxe6 Qxe6 54. Rxb7 Qa2+ 55. Kh3 Qf2 56. Rb6+ Kc7 57. Rb1 Be5 58. Rh1 Qg3# 0-1

[Event "Late-Titled-Tuesday-Blitz-October-03-2023"]
[Site "Chess.com"]
[Date "2023.10.03"]
[Round "2"]
[White "NCchamp"]
[Black "Battever"]
[Result "0-1"]
[WhiteElo "2314"]
[BlackElo "2515"]
[TimeControl "180+1"]
[EndTime "14:17:28 PDT"]
[Termination "Battever won by checkmate"]

1. e4 e5 2. Nf3 Nc6 3. Bc4 Bc5 4.
c3 Nf6 5. d4 exd4 6. e5 d5 7.
Be2 Ne4 8. cxd4 Bb6 9. Nc3 O-O 10.
O-O f6 11. exf6 Rxf6 12. Nxe4 dxe4 13. Ne5 Nxe5 14. dxe5 Qxd1 15. Rxd1 Rxf2 16. Bc4+ Kh8 17.
Kh1 Bg4 18. Re1 Re8 19. h3 Be6 20. Rxe4 Bxc4 21. Rxc4 Rxe5 22. Bf4 Re7 23. Rd1 h6 24. Rb4 a5 25. Rc4 Rxb2 26. a3 Kh7 27. Rdc1 c6 28. R1c2 Re1+ 29. Kh2 Rb3 30. R4c3 Rbb1 31. Bd2 Bc7+ 32. g3 Rh1+ 33. Kg2 Rbg1+ 34. Kf2 Rd1 35. Rf3 Rh2+ 36. Ke3 Bd8 37. h4 Be7 38. Rf2 Rxf2 39. Kxf2 Bxa3 40. Ke2 Rb1 41. Kf3 Rb3+ 42. Kg4 Bd6 43. Bc3 a4 44. Kh5 a3 45. Rd2 Rxc3 46. Rxd6 Rc4 47. Rd7 a2 48. g4 a1=Q 49. Rxg7+ Kxg7 50. g5 Qd1# 0-1

[Event "Late-Titled-Tuesday-Blitz-October-03-2023"]
[Site "Chess.com"]
[Date "2023.10.03"]
[Round "2"]
[White "Nekoo04"]
[Black "WPWPWP-2015"]
[Result "0-1"]
[WhiteElo "2287"]
[BlackElo "2498"]
[TimeControl "180+1"]
[EndTime "14:17:29 PDT"]
[Termination "WPWPWP-2015 won on time"]

1. d4 Nf6 2. c4 e6 3. g3 d5 4. Nf3 Bb4+ 5. Bd2 Be7 6. Bg2 O-O 7.
O-O Nbd7 8. Qc2 Nb6 9. cxd5 exd5 10. Nc3 c6 11. Bg5 h6 12. Bxf6 Bxf6 13. b4 a6 14. a4 Re8 15. b5 cxb5 16. axb5 a5 17. e3 Bd7 18. Rfb1 Be6 19. Na4 Nc4 20. Nd2 Rc8 21. Nc5 Nxd2 22. Qxd2 b6 23. Nxe6 fxe6 24. Rc1 Qd7 25.
Rxc8 Rxc8 26. Rc1 Rxc1+ 27. Qxc1 Kf7 28. Bf1 Be7 29. Qc2 Qd6 30. Qh7 Qd8 31. Be2 Bf6 32. Bh5+ Ke7 33. Qg6 Qf8 34. Kg2 Kd7 35. f4 Be7 36. Bg4 Qf6 37. Qc2 Bd8 38. Qc6+ Ke7 39. e4 dxe4 40. Qxe4 Kf7 41. d5 exd5 42. Qxd5+ Kf8 43.
Bh5 Qb2+ 44. Kh3 Qf6 45. Qe4 Be7 46. Qa8+ Bd8 47. Qe4 Qe7 48. Qf5+ Kg8 49. Qd5+ Kf8 50. Qf5+ Qf6 51. Qd7 a4 0-1

[Event "Late-Titled-Tuesday-Blitz-October-03-2023"]
[Site "Chess.com"]
[Date "2023.10.03"]
[Round "2"]
[White "German_Bazeev"]
[Black "HajiyevKanan"]
[Result "0-1"]
[WhiteElo "2788"]
[BlackElo "2550"]
[TimeControl "180+1"]
[EndTime "14:17:32 PDT"]
[Termination "HajiyevKanan won by resignation"]

1. c4 c6 2. Nf3 d5 3. e3 a6 4. Nc3 Nf6 5. b3 Bg4 6. Be2 e6 7. Bb2 Be7 8. Qc2 O-O 9. O-O Nbd7 10. Rfd1 Rc8 11. h3 Bh5 12. d4 Bg6 13. Bd3 Bxd3 14. Qxd3 Bb4 15. a3 Bxc3 16. Bxc3 Re8 17. Bb2 Qe7 18.
a4 Ne4 19. Nd2 Nxd2 20. Rxd2 Nf6 21. Ba3 Qc7 22. Rc2 Qb8 23. a5 Ne4 24. f3 Ng3 25. Rac1 h5 26. Bb4 Qc7 27. Be1 Nf5 28. g4 Ne7 29.
Rg2 hxg4 30. hxg4 Ng6 31. f4 dxc4 32. bxc4 c5 33. f5 Nf8 34. Bg3 Qe7 35. Bf4 cxd4 36. exd4 exf5 37. gxf5 Qe4 38. Qxe4 Rxe4 39. Be5 g6 40.
Rh2 f6 41. Bxf6 gxf5 42. Rf2 Rg4+ 43. Kf1 Nd7 44. Be7 Rxd4 45. Rxf5 Re8 46. Bg5 Re5 47. Rxe5 Nxe5 48. Kg2 Rg4+ 49. Kf2 Rxg5 50. Ke3 Rg4 51. c5 Rc4 52. Rg1+ Kf7 53. Rg5 Rxc5 54. Rg1 Rxa5 55. Ke4 Nc6 56. Rf1+ Ke6 57. Rc1 Re5+ 0-1

[Event "Late-Titled-Tuesday-Blitz-October-03-2023"]
[Site "Chess.com"]
[Date "2023.10.03"]
[Round "2"]
[White "Zq1"]
[Black "Korchmar_Vasiliy"]
[Result "1-0"]
[WhiteElo "2525"]
[BlackElo "2701"]
[TimeControl "180+1"]
[EndTime "14:17:35 PDT"]
[Termination "Zq1 won on time"]

1. d4 Nf6 2. c4 e6 3. Nf3 d5 4. e3 b6 5. Nc3 Bb7 6. b3 Bb4 7. Bd2 O-O 8. Be2 Nbd7 9. O-O a6 10. Nxd5 Bd6 11. Nc3 e5 12. d5 e4 13. Ng5 Qe7 14. Qc2 Rae8 15. f4 exf3 16. Nxf3 c6 17. dxc6 Bxc6 18.
Rae1 Ng4 19. Kh1 Bxf3 20. Rxf3 Qh4 21. h3 Nde5 22. Rf4 g5 23. Rxg4 Nxg4 24. Bxg4 Qg3 25. Kg1 f5 26. Bf3 g4 27. Bd5+ Kh8 28. h4 Qh2+ 29.
Kf1 Qh1+ 30. Ke2 Qxh4 31. Kd1 f4 32. exf4 Rxe1+ 33. Bxe1 Qh1 34. Ne2 Be7 35. Kd2 Bf6 36. Bf2 Qh6 37. Qd3 Re8 38. Bd4 Qg7 39. Bxf6 Qxf6 40. Qc2 h5 41. c5 bxc5 42. Bc4 h4 43. Kc1 h3 44. gxh3 gxh3 45. Nc3 Qxf4+ 46. Kb2 h2 47. Qg2 Qh6 48. Qh1 Rf8 49. Ne4 Qf4 50.
Ka3 a5 51. Qa1+ Kh7 52. Qh1 Qh4 53. Nd6 Rf6 54. Ne8 Rf8 55. Qb1+ 1-0

[Event "Late-Titled-Tuesday-Blitz-October-03-2023"]
[Site "Chess.com"]
[Date "2023.10.03"]
[Round "2"]
[White "rdarruda"]
[Black "chosenpr"]
[Result "1-0"]
[WhiteElo "2477"]
[BlackElo "2233"]
[TimeControl "180+1"]
[EndTime "14:17:35 PDT"]
[Termination "rdarruda won by checkmate"]

1. d4 Nf6 2. Nf3 e6 3. c4 Bb4+ 4. Nbd2 O-O 5. a3 Be7 6. e4 d6 7. Bd3 Nbd7 8. Qe2 e5 9. O-O a5 10. b3 exd4 11. Nxd4 Nc5 12. Bc2 Re8 13. f3 Bf8 14. Qf2 Bd7 15. Bb2 g6 16. Rfe1 Bg7 17.
Nf1 c6 18. Rad1 Qc7 19. Ne3 Rad8 20. b4 axb4 21. axb4 Ne6 22. Bb3 Nf4 23. Kh1 Ra8 24. g3 Ne6 25. Nxe6 Bxe6 26. Rc1 Qb6 27. Qd2 Red8 28.
Bd4 Qc7 29. Qb2 Ne8 30. Bxg7 Nxg7 31. Nd5 cxd5 32. cxd5 Qb6 33. dxe6 Nxe6 34. Bxe6 fxe6 35. Qf6 Re8 36. Rc4 Ra2 37. Qd4 Qb5 38. Rec1 Rd8 39. Rc7 e5 40. Qd5+ Qxd5 41. exd5 Rd2 42. Rxb7 Rxd5 43.
Rcc7 Rd2 44. Rg7+ Kf8 45. Rxh7 Kg8 46. Rbg7+ Kf8 47. Rxg6 Ra8 48. Rh8+ Kf7 49. Rxa8 Kxg6 50. Ra6 Kf5 51. b5 d5 52. Rd6 d4 53. b6 Rb2 54.
h4 Rf2 55. b7 Rb2 56. Rd7 d3 57. Rxd3 Rxb7 58. Kg2 Rb2+ 59. Kh3 Rf2 60. Re3 Rf1 61. Kg2 Rb1 62. Re4 Rb2+ 63. Kh3 Rf2 64. g4+ Kf6 65.
Kg3 Rd2 66. h5 Rd1 67. Rc4 Rg1+ 68. Kf2 Rh1 69. Rc6+ Kg5 70. Kg3 Rg1+ 71. Kf2 Rh1 72. Re6 Rh2+ 73. Kg3 Re2 74. Rg6# 1-0

[Event "Late-Titled-Tuesday-Blitz-October-03-2023"]
[Site "Chess.com"]
[Date "2023.10.03"]
[Round "2"]
[White "Krakozia"]
[Black "aa175"]
[Result "1-0"]
[WhiteElo "3009"]
[BlackElo "2603"]
[TimeControl "180+1"]
[EndTime "14:17:37 PDT"]
[Termination "Krakozia won on time"]

1. Nf3 d5 2. g3 Bf5 3. Bg2 e6 4. c4 c6 5. Qb3 Qb6 6. d3 Nd7 7. Nc3 Nc5 8. Qd1 dxc4 9. d4 O-O-O 10. O-O Ne4 11. Be3 Qxb2 12. Nxe4 Bxe4 13. Ne5 Bxg2 14.
Kxg2 Nh6 15. Rb1 Qxa2 16. Bxh6 gxh6 17. Nxf7 c3 18. Qb3 Qxb3 19. Rxb3 Rxd4 20. Nxh8 Bg7 21. Nf7 Rd7 22. Nxh6 Bxh6 23. Rxc3 a5 24. f4 Kc7 25. g4 b5 26. Rfc1 Bxf4 27. Rxc6+ Kb7 28. R1c2 Rc7 29. Rxc7+ Bxc7 30. g5 a4 31. h4 b4 32.
Rc4 Bd6 33. h5 a3 34. g6 hxg6 35. hxg6 Bf8 36. g7 Bxg7 37. Rxb4+ Kc6 38. Ra4 Bb2 39. Kf3 Kb5 40. Ra8 Kb4 41. Ke4 Kb3 42. Kd3 e5 43. Rb8+ Ka2 44. Kc2 Bd4 45. Rb3 Bb2 46.
e3 Ka1 47. Rb5 Ka2 48. Rb3 Ba1 49. Rd3 Bb2 50. Rd1 Ba1 51. e4 Bd4 52. Rh1 Bb2 53. Rh3 Bd4 54. Rb3 Bb2 55. Rb5 Ka1 56. Ra5 Ka2 57. Ra6 Ka1 58. Ra8 1-0

[Event "Late-Titled-Tuesday-Blitz-October-03-2023"]
[Site "Chess.com"]
[Date "2023.10.03"]
[Round "2"]
[White "HElissalt"]
[Black "GlavkonVVS"]
[Result "1-0"]
[WhiteElo "2373"]
[BlackElo "2600"]
[TimeControl "180+1"]
[EndTime "14:17:37 PDT"]
[Termination "HElissalt won by resignation"]

1. d4 Nf6 2. c4 e6 3. Nf3 c5 4. d5 exd5 5. cxd5 d6 6. Nc3 g6 7.
Qd3 Bg7 8. Qe3+ Kf8 9. Qf4 Nh5 10. Qg5 Bf6 11. Qh6+ Bg7 12. Qg5 Qxg5 13. Bxg5 a6 14.
a4 Nd7 15. e3 h6 16. Bh4 g5 17. Bg3 Nxg3 18. hxg3 Nf6 19. Bd3 Bd7 20. Nd2 Ke7 21. a5 Ng4 22. Be2 Ne5 23. f4 Ng6 24. Kf2 f5 25.
Nc4 Raf8 26. Nb6 Be8 27. Bd3 Kd8 28. Rae1 Ne7 29. Bc4 Kc7 30. Na8+ Kb8 31. Nb6 Nc8 32. Rhf1 Nxb6 33. axb6 Bf6 34. e4 Bd4+ 35. Ke2 Bd7 36. Kd2 fxe4 37. Rxe4 Re8 38. Rfe1 Bf2 39. Rxe8+ Rxe8 40. Rxe8+ Bxe8 41. Ne4 Bd4 42. Nxd6 Bd7 43. b3 g4 44. Bd3 Bf2 45. Ne4 Bd4 46. Nf6 Bc8 47. Ne4 Bd7 48. Nd6 a5 49. Nc4 a4 50. bxa4 Bxa4 51.
Ne5 h5 52. d6 Bf2 53. d7 Bxd7 54. Nxd7+ Kc8 55. Nf6 Bxg3 56. Nxh5 Bf2 57. Bf5+ Kd8 58. Bxg4 c4 59. Bf3 Bxb6 60. Bxb7 Ba5+ 61. Kc2 Ke7 62. Be4 Ke6 63. g4 Bb4 64. g5 Be7 65. g6 Bd6 66. f5+ Ke7 67. Bd5 Be5 68. g7 Bxg7 69. Nxg7 Kf6 70. Bxc4 Kxg7 71. Be6 Kf6 72. Kd3 1-0

[Event "Late-Titled-Tuesday-Blitz-October-03-2023"]
[Site "Chess.com"]
[Date "2023.10.03"]
[Round "2"]
[White "ameetghasi100"]
[Black "Grossboss19"]
[Result "0-1"]
[WhiteElo "2710"]
[BlackElo "2526"]
[TimeControl "180+1"]
[EndTime "14:17:40 PDT"]
[Termination "Grossboss19 won by checkmate"]

1. b3 Nf6 2. Bb2 c5 3. e3 e6 4. Nf3 Nc6 5. Bb5 Qc7 6. O-O a6 7. Bxc6 Qxc6 8. d3 d5 9. c4 Be7 10. Nbd2 O-O 11. Rc1 b6 12. Ne5 Qb7 13. cxd5 exd5 14.
Qf3 Be6 15. Qg3 Rfd8 16. f4 Bf5 17. Qf3 Nd7 18. Qe2 Nxe5 19. fxe5 Be6 20. Rf2 a5 21. d4 a4 22. Qd3 axb3 23. axb3 Ra2 24. Qb1 Ra7 25. Rcf1 Rf8 26. e4 cxd4 27. Bxd4 Bc5 28.
Bxc5 bxc5 29. Qc2 Rc8 30. h4 d4 31. h5 h6 32. Qd3 Qb8 33. Qg3 Kh7 34. Qf4 Re8 35. g4 Qd8 36. Nf3 Bxb3 37. g5 Bc4 38. Rc1 Be6 39. Rxc5 d3 40. Rd2 Ra1+ 41. Kg2 Qb6 42. Qe3 Qb1 43. Qf2 Qh1+ 44. Kg3 Qh3+ 45. Kf4 Qxh5 46. Ke3 hxg5 47. Qg3 Rh1 48. Nxg5+ Kg8 49.
Nf3 Bg4 50. Rg2 Qh6+ 51. Kd4 Rd8+ 52. Kc4 Rc1+ 53. Kb5 Rxc5+ 54. Kxc5 Qe3+ 55. Kc4 Rc8+ 56. Kb3 Qb6+ 57. Ka4 Ra8# 0-1

[Event "Late-Titled-Tuesday-Blitz-October-03-2023"]
[Site "Chess.com"]
[Date "2023.10.03"]
[Round "2"]
[White "Veleamater"]
[Black "Lion_DL"]
[Result "1-0"]
[WhiteElo "2326"]
[BlackElo "2494"]
[TimeControl "180+1"]
[EndTime "14:17:43 PDT"]
[Termination "Veleamater won by checkmate"]

1. g3 d5 2. Bg2 Nf6 3. d3 e6 4. Nf3 Be7 5. O-O O-O 6. h3 c5 7. Nc3 Nc6 8. e4 d4 9. Ne2 e5 10. Ne1 Ne8 11. f4 f5 12. exf5 Bxf5 13. g4 Be6 14. f5 Bd5 15. Ng3 Bh4 16. Bxd5+ Qxd5 17. Ne4 Nf6 18. Nf3 Bg3 19. Nxg3 e4 20. Ng5 e3 21.
N5e4 Ne5 22. Nxf6+ Rxf6 23. Ne4 Rh6 24. Kg2 c4 25.
Rf4 cxd3 26. cxd3 Rf8 27. Kg3 Qd8 28. g5 Rc6 29. h4 h6 30. b4 Qb8 31. Bb2 Ng6 32.
Qg4 h5 33. Qf3 Rxf5 34. Qxh5 Qxf4+ 35. Kg2 Nxh4+ 36. Kh3 Nf3 37. Qe8+ Rf8 38. Qh5 Ne5 39. Rg1 Nxd3 40. g6 Qf5+ 41. Qxf5 Rxf5 42. Bxd4 Nf2+ 43.
Nxf2 exf2 44. Rf1 Rc2 45. Kg4 Rf8 46. Bc5 Rf6 47. Kg5 Rxa2 48. b5 Rb2 49. Bd4 Rf3 50. Bxb2 Rb3 51. Bd4 Rxb5+ 52. Kg4 Rd5 53. Bxf2 Kf8 54.
Bxa7+ Ke8 55. Be3 Re5 56. Bf4 Re4 57. Rb1 Ke7 58. Kf5 Rc4 59. Rxb7+ Kf8 60. Rf7+ Kg8 61.
Be5 Rc5 62. Rxg7+ Kf8 63. Rh7 Kg8 64. Rh8# 1-0

[Event "Late-Titled-Tuesday-Blitz-October-03-2023"]
[Site "Chess.com"]
[Date "2023.10.03"]
[Round "2"]
[White "RCone"]
[Black "Alina_Gumerovna"]
[Result "1-0"]
[WhiteElo "2421"]
[BlackElo "2117"]
[TimeControl "180+1"]
[EndTime "14:17:45 PDT"]
[Termination "RCone won by resignation"]

1. e4 Nf6 2. e5 Nd5 3. d4 d6 4.
Nf3 Nc6 5. Bc4 Nb6 6. Bb3 dxe5 7.
Ng5 e6 8. Qf3 Qf6 9. dxe5 Qxe5+ 10. Be3 Qf6 11. Nc3 Bb4 12. Qxf6 gxf6 13. Ne4 Ke7 14. a3 Bxc3+ 15. Nxc3 Bd7 16. Bc5+ Ke8 17. Ne4 f5 18. Nf6+ Kd8 19. O-O-O Nd5 20. Bxd5 exd5 21. Rxd5 Nb8 22. Rhd1 b6 23. Rxd7+ Nxd7 24. Rxd7+ Kc8 25. Be3 Rd8 26. Rxf7 Kb7 27. Bf4 Rac8 28. Rxh7 Rd4 29. g3 a5 30. c3 Rd3 31. h4 Rf3 32. Nd5 Rxf2 33. Bxc7 Kc6 34. c4 Rf1+ 35. Kc2 Rf2+ 36. Kb3 f4 37. Bxf4 Rf3+ 38. Ka2 b5 39. Rh6+ Kc5 40.
Ne7 Re8 41. cxb5 Kxb5 42. Nd5 Re2 43. Nc3+ Rxc3 44. Rh8 Rcc2 45. Rb8+ Kc6 46. h5 Kd5 47. h6 Rh2 48. Rb7 a4 49. Rb5+ Ke6 50. Rb7 Rce2 51. g4 Re1 52. Bxh2 1-0

[Event "Late-Titled-Tuesday-Blitz-October-03-2023"]
[Site "Chess.com"]
[Date "2023.10.03"]
[Round "2"]
[White "Djager97"]
[Black "vladislavkovalev"]
[Result "0-1"]
[WhiteElo "2546"]
[BlackElo "2878"]
[TimeControl "180+1"]
[EndTime "14:17:46 PDT"]
[Termination "vladislavkovalev won on time"]

1. e4 e5 2. Nf3 Nc6 3. d4 exd4 4. Nxd4 Qf6 5. Nf3 Bb4+ 6. c3 Bc5 7. Be2 Nge7 8. Bg5 Qg6 9. O-O d6 10. Bh4 h6 11. b4 Bb6 12. b5 Ne5 13. Nxe5 dxe5 14. Bxe7 Kxe7 15. Nd2 Bh3 16. Bf3 Rad8 17. Qe2 Be6 18.
Nc4 Bxc4 19. Qxc4 Rd2 20. a4 Qe6 21. Qb4+ Qd6 22. Qxd6+ Rxd6 23. a5 Bc5 24. Rfd1 Rhd8 25. Rd5 Rxd5 26. exd5 Kd6 27. Be4 Ra8 28. g4 a6 29. c4 Bd4 30. Ra3 Ra7 31. Kg2 Kc5 32. bxa6 Rxa6 33. Rb3 Ra7 34. Bd3 Kd6 35. h4 Rxa5 36.
Rxb7 Ra2 37. Rb8 Rxf2+ 38. Kg3 Rd2 39. Be4 Re2 40. Bf5 Re3+ 41. Kg2 g6 42. Bb1 Kc5 43. Rc8 Re2+ 44. Kf3 Rf2+ 45. Kg3 Kb6 46. Rb8+ Kc5 47.
Rc8 Kd6 48. Rh8 f5 49. Rxh6 f4+ 50. Kh3 Kc5 51. Rxg6 Kxc4 52. h5 f3 53. h6 Rf1 54.
Ba2+ Kd3 55. Kg3 Ke3 56. h7 Rg1+ 57. Kh4 Rh1+ 58. Kg5 Rxh7 0-1

[Event "Late-Titled-Tuesday-Blitz-October-03-2023"]
[Site "Chess.com"]
[Date "2023.10.03"]
[Round "2"]
[White "angryspacevoid"]
[Black "GMG"]
[Result "1-0"]
[WhiteElo "2540"]
[BlackElo "2746"]
[TimeControl "180+1"]
[EndTime "14:17:48 PDT"]
[Termination "angryspacevoid won on time"]

1. e4 c5 2. c3 Nf6 3. e5 Nd5 4. d4 cxd4 5. Nf3 g6 6. Bc4 Nb6 7. Bb3 Bg7 8. h4 Nc6 9. h5 dxc3 10. h6 Bxe5 11. Nxe5 Nxe5 12. Nxc3 d6 13. Qd4 Rg8 14.
f4 Nc6 15. Qg7 Rxg7 16. hxg7 Kd7 17. Bxf7 Nd4 18. Rxh7 Kc6 19. Rh8 Be6 20. Rxd8 Rxd8 21. Bxe6 Nxe6 22. Be3 Nc4 23. Bf2 Nxg7 24. O-O-O Rh8 25.
Nd5 Kd7 26. Bd4 Rh7 27. Bxa7 Rh2 28. b3 Na5 29. Rd2 Nc6 30. Bg1 Rh1 31. Rd1 Ne6 32. Nb6+ Ke8 33. Nd5 Kf7 34. Be3 Rh2 35. Rd2 Ng7 36. g4 Rh4 37. Rg2 Ne6 38. Bd2 Rh3 39. f5 gxf5 40. gxf5 Ned4 41. Nf4 Rh1+ 42. Kb2 Nxf5 43.
Rf2 e6 44. Nd3 Rh3 45. Nf4 Rh7 46. Rg2 Rg7 47. Rf2 Rg4 48. Ne2 Ne7 49. Nf4 e5 50. Nd3 Ke6 51. b4 Nc6 52. a4 Ncd4 53. b5 Ne7 54. a5 Nxb5 55. Nb4 Nd5 56. Nc2 Re4 57. Rf8 Ndc7 58. Rb8 Kd7 59. Rxb7 Kc6 60. Rb6+ Kc5 61. Be3+ 1-0

[Event "Late-Titled-Tuesday-Blitz-October-03-2023"]
[Site "Chess.com"]
[Date "2023.10.03"]
[Round "2"]
[White "Mbneu"]
[Black "DucksParadise"]
[Result "0-1"]
[WhiteElo "2232"]
[BlackElo "2660"]
[TimeControl "180+1"]
[EndTime "14:17:51 PDT"]
[Termination "DucksParadise won by resignation"]

1. d4 d5 2. c4 e6 3. Nf3 c6 4.
g3 dxc4 5. Bg2 b5 6. O-O Bb7 7. Nc3 Nd7 8. Rb1 Ngf6 9. b3 cxb3 10. Qxb3 a6 11. e4 Be7 12. e5 Nd5 13. Ne4 c5 14.
Bg5 c4 15. Qd1 O-O 16. Bxe7 Nxe7 17. Nd6 Bd5 18. Ng5 h6 19. Nge4 Nb6 20. f4 Nec8 21. f5 Nxd6 22. Nxd6 Bxg2 23. Kxg2 exf5 24. Nxf5 Qd5+ 25.
Kg1 Kh7 26. Rf4 g6 27. Qg4 Qe6 28. Ne3 Qxg4 29. Nxg4 Nd5 30. Nf6+ Nxf6 31. Rxf6 c3 32. Kf2 Rfc8 33. Ke3 Kg7 34. Kd3 a5 35. Kc2 b4 36.
Rbf1 Rc7 37. d5 Re8 38. e6 fxe6 39. dxe6 Rce7 40. Rf7+ Rxf7 41. Rxf7+ Kg8 42. Rf6 Kg7 43. Rf7+ Kg8 44. Rf6 Re7 45. Kb3 Kg7 46. Rf2 Rxe6 47. a3 Rc6 48. axb4 axb4 49. Rc2 Rb6 50. Rf2 g5 51. g4 Kg6 52. h3 h5 53. Rf3 hxg4 54. hxg4 Rc6 55. Rf1 c2 56. Rc1 Kf6 57. Kxb4 Ke5 58.
Kb3 Kf4 59. Kb2 Kxg4 60. Rg1+ Kf4 61. Kc1 g4 62. Rf1+ Kg3 63. Rf8 Kh2 64. Rh8+ Kg2 65.
Rg8 g3 66. Rf8 Kh2 67. Rh8+ Kg1 68. Rg8 g2 69. Rf8 Rc4 70. Rf7 Kh2 71. Rh7+ Kg3 72. Rg7+ Rg4 0-1

[Event "Late-Titled-Tuesday-Blitz-October-03-2023"]
[Site "Chess.com"]
[Date "2023.10.03"]
[Round "2"]
[White "roxannyzoldyck"]
[Black "maximnovik"]
[Result "1-0"]
[WhiteElo "2217"]
[BlackElo "2434"]
[TimeControl "180+1"]
[EndTime "14:17:57 PDT"]
[Termination "roxannyzoldyck won by checkmate"]

1. e4 c6 2. d4 d5 3. Nc3 dxe4 4.
Nxe4 Bf5 5. Ng3 Bg6 6. N1e2 Nf6 7. Nf4 e5 8. Nxg6 hxg6 9. dxe5 Qxd1+ 10. Kxd1 Ng4 11. Ne4 Nxe5 12. Bf4 Nbd7 13. c3 O-O-O 14.
Kc2 f6 15. Be2 g5 16. Bg3 Nc5 17. Nxg5 fxg5 18. Bxe5 Bd6 19. Bxg7 Rhe8 20. Bg4+ Kc7 21. Rhe1 Bxh2 22. g3 Ne4 23. Re2 Bxg3 24. fxg3 Nxg3 25. Rxe8 Rxe8 26. Rd1 Re4 27. Rd7+ Kb6 28. Bf3 Rf4 29.
Bd4+ c5 30. Rxb7+ Ka6 31. Bxc5 Rxf3 32. Rxa7+ Kb5 33. Bd4 Nf5 34. a4+ Kc6 35. Ra6+ Kd5 36. Rg6 Rg3 37. Bf6 g4 38. a5 Rg1 39. a6 Ra1 40. Bd8 g3 41. Kb3 Ke4 42. Kb4 Kf3 43. Kb5 g2 44. Bb6 Ng3 45. Rxg3+ Kxg3 46. a7 Kf4 47. Kc6 Ke5 48. Kb7 Kd5 49. a8=Q Rxa8 50. Kxa8 Kc6 51. Bd4 Kb5 52. Kb7 Kc4 53. b4 Kb5 54.
Bg1 Kc4 55. Kc6 Kxc3 56. b5 Kc4 57. b6 Kd3 58. b7 Ke2 59. b8=Q Kf1 60. Qb6 Ke2 61.
Qf2+ Kd1 62. Qxg2 Ke1 63. Qf2+ Kd1 64. Kd5 Kc1 65. Qe2 Kb1 66. Qd2 Ka1 67. Kc4 Kb1 68.
Kb3 Ka1 69. Qb2# 1-0

[Event "Late-Titled-Tuesday-Blitz-October-03-2023"]
[Site "Chess.com"]
[Date "2023.10.03"]
[Round "2"]
[White "Yushko_Olga"]
[Black "kaanadayhamle"]
[Result "0-1"]
[WhiteElo "2107"]
[BlackElo "2416"]
[TimeControl "180+1"]
[EndTime "14:17:58 PDT"]
[Termination "kaanadayhamle won by resignation"]

1. d4 Nf6 2. c4 e6 3. Nc3 Bb4 4. Qc2 d5 5. cxd5 exd5 6. Nf3 O-O 7. Bg5 c6 8. e3 h6 9. Bh4 Nbd7 10. Bd3 Re8 11.
O-O a5 12. a3 Bd6 13. Na4 Qc7 14. Nc3 b6 15. Rac1 Qb8 16. Na4 b5 17. Nc5 Bxc5 18. dxc5 Ne4 19. Bxe4 dxe4 20. Nd4 Bb7 21. Rfd1 Nf8 22.
Nf5 Ba6 23. Nd6 Re6 24. Nxe4 b4 25. Bg3 b3 26. Qc3 Qa7 27. Nd6 a4 28. Be5 Rg6 29.
Nf5 Ne6 30. Rd6 Qb7 31. Rcd1 Be2 32. Rd7 Qb5 33. Ne7+ Kh7 34. Nxg6 Bxd1 35. Ne7 Bh5 36. Nf5 Qxc5 37. Qxc5 Nxc5 38. Rc7 Ne6 39. Rxc6 Rd8 40. h3 Rd1+ 41. Kh2 Rd2 42. Bc3 Rxf2 43. Ng3 Bf3 44.
Ra6 Rxg2+ 45. Kh1 Rxb2+ 46. Kg1 Rg2+ 47. Kf1 Rxg3 48. Rxa4 Bd5 49. Bd2 Rf3+ 50. Ke2 Rxh3 51. Rb4 Rh2+ 52. Kd3 Nc5+ 53. Kd4 Rxd2+ 54. Kxc5 Be6 55.
a4 b2 56. a5 Bf5 57. a6 b1=Q 58. Rxb1 Bxb1 59. a7 Ra2 0-1